 Dungeon Crawl Stone Soup version 0.32-a0-616-g9348d4545b (webtiles) character file.

Game seed: 5468724124137698256

2 cforsyth the Grave Robber (level 1, 0/15 HPs)
             Began as a Mountain Dwarf Necromancer on Mar 5, 2024.
             Slain by a jackal (1 damage)
             ... on level 1 of the Dungeon.
             The game lasted 00:00:19 (64 turns).

cforsyth the Grave Robber (MDNe)                      Turns: 64, Time: 00:00:19

Health: 0/15       AC:  2    Str: 10    XL:     1   Next: 33%
Magic:  0/3        EV: 11    Int: 15    God:
Gold:   4          SH:  0    Dex: 10    Spells: 2/3 levels left

rFire   . . .        (no weapon)
rCold   . . .        (no shield)
rNeg    . . .        a - +0 robe
rPois   .            (no helmet)
rElec   .            (no cloak)
rCorr   .            (no gloves)
SInv    .            (no boots)
Will    .....        (no amulet)
Stlth   ++           (no ring)
HPRegen 0.22/turn    (no ring)
MPRegen 0.08/turn

%: no passive effects
@: no status effects
A: runic magic, artefact enchanting
a: no special abilities


You were on level 1 of the Dungeon.
You visited 1 branch of the dungeon, and saw 1 of its levels.

You collected 4 gold pieces.


Innate Abilities, Weirdness & Mutations

Your spellcasting is much less encumbered by armour.
You can use scrolls of enchantment on lesser artefacts.


   Skills:
 + Level 0.4 Fighting
 - Level 1.3 Dodging
 - Level 1.4 Stealth
 - Level 1.7 Spellcasting
 + Level 4.4 Necromancy


You had 2 spell levels left.
You knew the following spells:

 Your Spells              Type           Power      Damage    Failure   Level
X - Necrotise             Necr           56%        1d6       3%          1

Your spell library contained the following spells:

 Spells                   Type           Power      Damage    Failure   Level
 Vampiric Draining        Necr           14%        2d7       11%         3
 Animate Dead             Necr           14%        N/A       34%         4
 Curse of Agony           Necr           14%        N/A       69%         5

Inventory:

Armour
 a - a +0 robe (worn)
Potions
 b - a potion of magic

Dungeon Overview and Level Annotations

Branches:
Dungeon (1/15)

Altars:

#.# #.# # #.## .# #..#
..# ##.# ### #.#
########..###.# #..###
#..........#..##.....#
...............##.Z.....
..▒▒▒▒▒........@hh▒
▒▒▒▒...▒▒▒▒.....▒▒▒▒
▒.........▒▒▒'▒▒▒
.....<......'.+
▒.........▒▒▒+▒
▒▒▒▒...▒▒▒▒ ▒▒▒▒▒


You could see 2 jackals and a friendly jackal skeleton.


Message History

Your jackal skeleton barely misses the jackal.
You miss the jackal. You punch the jackal, but do no damage.
The jackal is lightly wounded.
The jackal bites you but does no damage.
Your jackal skeleton closely misses the jackal.
You closely miss the jackal.
The jackal is lightly wounded.
The jackal bites you.
* * * LOW HITPOINT WARNING * * *
Your jackal skeleton closely misses the jackal.
The jackal barely misses you.
You hit the jackal but do no damage.
The jackal is lightly wounded.
Your jackal skeleton closely misses the jackal.
The jackal bites you but does no damage.
You barely miss the jackal.
The jackal is lightly wounded.
Your jackal skeleton misses the jackal.
The jackal barely misses you.
Your jackal skeleton barely misses the jackal.
You hit the jackal but do no damage.
The jackal is lightly wounded.
The jackal bites you.
* * * LOW HITPOINT WARNING * * *
The jackal bites you but does no damage.
Your jackal skeleton bites the jackal but does no damage.
Unknown command.
You closely miss the jackal.
The jackal is lightly wounded.
The jackal bites you.
You die...

Action                     || total
---------------------------++-------
  Melee: Unarmed           ||    28
         Punch             ||     1
   Cast: Necrotise         ||     4
 Armour: Robe              ||    26
  Dodge: Dodged            ||    18

Levels and vault maps discovered:
D:1:      elethiomel_arrival_infinity_welcomes_careful_drivers, layout_rooms,
          hex_medium, chequers_serial_rivers_micro_b, minivault_27,
          dreamdust_mushroom_princess, minmay_misc_feat_alley

Notes
Turn   | Place    | Note
-------+----------+-------------------------------------------
     0 | D:1      | cforsyth the Mountain Dwarf Necromancer began the quest for
                  | the Orb.
     0 | D:1      | Reached XP level 1. HP: 14/14 MP: 3/3
    63 | D:1      | HP: 1/15 [jackal (2)]
    64 | D:1      | Slain by a jackal

Vanquished Creatures
  2 jackals (D:1)
2 creatures vanquished.

Table legend: (Time is in decaauts)
 A = Elapsed time spent in this place.
 B = Non-inter-level travel time spent in this place.
 C = Inter-level travel time spent in this place.
 D = Time resting spent in this place.
 E = Time spent auto-exploring this place.
 F = Levels seen in this place.
 G = Mean time per level.
                   A        B        C        D        E       F      G
               +--------+--------+--------+--------+--------+-----+--------+
         Total |     64 |     64 |      0 |      0 |     28 |   1 |   64.0 |
       Dungeon |     64 |     64 |      0 |      0 |     28 |   1 |   64.0 |
               +--------+--------+--------+--------+--------+-----+--------+

Top non-repeatable levels by time:
     D:1: 64 daAuts

Table legend:
 A = Non-vault XP
 B = Vault XP
 C = Vault XP percentage of total XP
 D = Non-vault monster count
 E = Vault monster count
 F = Vault count percentage of total count
                 A         B        C        D         E       F
            +---------+---------+-------+---------+---------+-------
      Total |       4 |       0 |   0.0 |       2 |       0 |   0.0
            +---------+---------+-------+---------+---------+-------
        D:1 |       4 |       0 |   0.0 |       2 |       0 |   0.0
            +---------+---------+-------+---------+---------+-------
